 Dungeon Crawl Stone Soup version 0.24.1-14-gf8d2b509d9 (webtiles) character file.

Game seed: 16095603070360210673, levelgen mode: deterministic

212 mortelune the Insei (level 5, 0/34 HPs)
             Began as an Octopode Transmuter on May 17, 2020.
             Killed by divine providence
             ... invoked by an orc priest
              (13 damage)
             ... on level 3 of the Dungeon.
             The game lasted 00:04:40 (4929 turns).

mortelune the Insei (Octopode Transmuter)           Turns: 4929, Time: 00:04:41

Health: 0/34       AC:  2    Str:  9    XL:     5   Next: 89%
Magic:  6/9        EV: 20    Int: 17    God:
Gold:   153        SH:  0    Dex: 17    Spells: 0/10 levels left

rFire    . . .     SeeInvis .     - Unarmed
rCold    . . .     Gourm    .   (shield currently unavailable)
rNeg     . . .     Faith    .   (helmet currently unavailable)
rPois    x         Spirit   .   (no amulet)
rElec    .         Reflect  .   (no ring)
rCorr    .         Harm     .   (no ring)
MR       .....                  (no ring)
Stlth    ++........             (no ring)
HPRegen  0.11/turn              (no ring)
MPRegen  0.11/turn              (no ring)
                                (no ring)
                                (no ring)

@: spider-form
A: tiny, almost no armour, stealthy swim, (amphibious), 8 rings, (constrict 8)
a: End Transformation


You were on level 3 of the Dungeon.
You were not hungry.
You were a venomous arachnid creature.
You visited 1 branch of the dungeon, and saw 3 of its levels.

You collected 153 gold pieces.

Inventory:

Missiles
 Q - 32 arrows
Jewellery
 a - an uncursed ring of magical power {unknown}
 g - an uncursed ring of stealth {unknown}
 l - a cursed -3 ring of protection {unknown}
Scrolls
 b - a scroll of remove curse {unknown}
 h - a scroll of magic mapping {unknown}
 i - 3 scrolls of teleportation {unknown}
 j - a scroll of enchant weapon {unknown}
 m - a scroll of identify {unknown}
Potions
 k - a potion of brilliance {unknown}
 n - a potion of flight {unknown}
Comestibles
 c - a ration


   Skills:
 + Level 2.1 Fighting
 + Level 2.7 Dodging
 + Level 3.7 Unarmed Combat
 * Level 3.3 Spellcasting
 * Level 3.4 Transmutations


You couldn't memorise any spells.
You knew the following spells:

 Your Spells              Type           Power        Failure   Level  Hunger
a - Beastly Appendage     Tmut           ##....       13%         1    None
b - Sticks to Snakes      Tmut           ##......     17%         2    ##.....
c - Spider Form           Tmut/Pois      #.........   47%         3    ###....
d - Ice Form              Ice/Tmut       #.......     82%         4    ####...

Your spell library contained the following spells:

 Spells                   Type           Power        Failure   Level  Hunger
 Blade Hands              Tmut           ##........   89%         5    ######.


Dungeon Overview and Level Annotations

Branches:
Dungeon (3/15)

Altars:
Vehumet


Innate Abilities, Weirdness & Mutations

You cannot wear most types of armour.
You are very stealthy in the water. (Stealth+)
((You are amphibious.))
You can wear up to eight rings at the same time.
((You can use your tentacles to constrict eight enemies at once.))
((Your skin changes colour to match your surroundings (Stealth+).))
((Your rubbery body absorbs attacks. (AC +1, EV +1)))


Message History

You're too hungry to rest.
You eat one of the 2 rations.
That ration really hit the spot!
You start resting.
HP restored.
The worm is too close now for your liking.
The orc priest shouts!
The orc shouts! x2
The orc priest mumbles some strange prayers to Beogh against you.
Beogh smites you!
You hear a shout!
Casting: Spider Form (safe; 26% risk of failure)
Confirm with . or Enter, or press ? or * to list all spells.
You turn into a venomous arachnid creature.
You barely miss the orc. The orc hits you with a +0 dagger.
You bite the orc!
You kill the orc!
The orc priest calls down the wrath of Beogh upon you.
Beogh smites you!
The orc priest mumbles some strange prayers to Beogh against you.
Beogh smites you!
You die...

#....%...........#
#.#####..........#
..#####..........##
........o.........#
###.o.o..........##
.........oo......##
..#...####w###..w<########
... ....## #)#
#.#.........# ..#...>.##
#s# #.#.........# ..# ....#
#.###.).........# ..###.#.#
#..###).........# ........#
##.# #.(........# .# #....#
#.###..........# # #..###
#..............#
#....#######.......########
# #........##.........#
#### #.#.####.##.........#


You could see a worm, 2 orc priests and an orc.

Vanquished Creatures
  A hound (D:2)
  An orc priest (D:3)
  An orc wizard (D:3)
  3 adders
  2 oozes (D:3)
  A worm (D:3)
  3 dart slugs
  2 leopard geckos
  11 orcs
  3 giant cockroaches
  7 goblins
  11 hobgoblins
  8 kobolds
  A quokka (D:2)
  8 bats
  4 frilled lizards
  2 rats (D:2)
69 creatures vanquished.

Notes
Turn   | Place    | Note
-------+----------+-------------------------------------------
     0 | D:1      | mortelune the Octopode Transmuter began the quest for the
                  | Orb.
     0 | D:1      | Reached XP level 1. HP: 13/13 MP: 3/3
   637 | D:1      | Reached XP level 2. HP: 13/18 MP: 3/5
   722 | D:1      | Learned a level 2 spell: Sticks to Snakes
  1868 | D:2      | Found a radiant altar of Vehumet.
  1881 | D:2      | Reached XP level 3. HP: 22/23 MP: 4/6
  2621 | D:2      | Reached XP level 4. HP: 25/28 MP: 7/7
  2935 | D:3      | Noticed a phantom
  3347 | D:3      | Learned a level 3 spell: Spider Form
  3763 | D:3      | Reached XP level 5. HP: 11/34 MP: 3/9
  3972 | D:3      | Learned a level 4 spell: Ice Form
  4929 | D:3      | Killed from afar by an orc priest

Levels and vault maps discovered:
D:1:      dpeg_arrival_three_same_balls, layout_basic, chequers_big_river
D:2:      layout_loops_ring, lemuel_round_altar
D:3:      layout_rooms, tgw_xom

Skill      XL: |  1  2  3  4  5 |
---------------+----------------+-----
Transmutations | 3 |  3.4
Spellcasting   | 3 |  3.3
Fighting       | 2 |  2.1
Dodging        | |  2.7
Unarmed Combat | |  3.7

Action                   |  1- 3 |  4- 6 || total
-------------------------+-------+-------++-------
Melee: Unarmed           |    97 |    94 ||   191
       Constrict         |    26 |     9 ||    35
       Kick              |     2 |     3 ||     5
       Tentacles         |    12 |     6 ||    18
       Punch             |     2 |     1 ||     3
 Cast: Beastly Appendage |     2 |     2 ||     4
       Spider Form       |       |     7 ||     7
  Use: Potion            |     1 |     3 ||     4
 Stab: Sleeping          |     6 |     2 ||     8
  Eat: Chunk             |     5 |     6 ||    11
       Ration            |       |     1 ||     1
Armor: Skin              |     2 |     5 ||     7
Dodge: Dodged            |    67 |    80 ||   147
